 Dungeon Crawl Stone Soup version 0.29.1-12-g30fa7ad0bf (webtiles) character file.

Game seed: 242976826145836593

5 raph the Stinger (level 1, -2/14 HPs)
             Began as a Draconian Venom Mage on Dec 18, 2022.
             Slain by a quokka (4 damage)
             ... on level 1 of the Dungeon.
             The game lasted 00:00:42 (377 turns).

raph the Stinger (Draconian Venom Mage)              Turns: 377, Time: 00:00:42

Health: -2/14      AC:  4    Str: 10    XL:     1   Next: 66%
Magic:  0/3        EV: 12    Int: 15    God:
Gold:   40         SH:  0    Dex: 11    Spells: 3/4 levels left

rFire   . . .      SeeInvis .   f - +0 dagger
rCold   . . .      Faith    .   (no shield)
rNeg    . . .      Spirit   .   (body armour unavailable)
rPois   .          Reflect  .   (helmet restricted)
rElec   .          Harm     .   (no cloak)
rCorr   .          Rampage  .   (no gloves)
Will    .....                   (no boots)
Stlth   ++........              (no amulet)
HPRegen 0.04/turn               (no ring)
MPRegen 0.08/turn               (no ring)

@: no status effects
A: AC +4, unfitting armour, cold-blooded
a: no special abilities


You were on level 1 of the Dungeon.
You visited 1 branch of the dungeon, and saw 1 of its levels.

You collected 40 gold pieces.

Inventory:

Hand Weapons
 f - a +0 dagger (weapon)
Scrolls
 c - a scroll of identify {unknown}
 e - 2 scrolls of enchant weapon {unknown}
Potions
 a - a potion of magic
 b - 2 potions of curing {unknown}
 d - a potion of ambrosia {unknown}


   Skills:
 - Level 1.7 Dodging
 - Level 1.7 Stealth
 - Level 2.0 Spellcasting
 - Level 1.0 Transmutations
 + Level 3.4 Poison Magic


You had 3 spell levels left.
You knew the following spells:

 Your Spells              Type           Power      Damage    Failure   Level
a - Sting                 Tmut/Pois      32%        1d4       9%          1

Your spell library contained the following spells:

 Spells                   Type           Power      Damage    Failure   Level
 Poisonous Vapours        Pois/Air       12%        N/A       17%         2
 Mephitic Cloud           Conj/Pois/Air  4%         N/A       38%         3
 Olgreb's Toxic Radiance  Pois           11%        N/A       50%         4


Dungeon Overview and Level Annotations

Branches:
Dungeon (1/15)

Altars:


Innate Abilities, Weirdness & Mutations

Your plain brown scales are hard. (AC +4)
You cannot fit into any form of body armour.
You are cold-blooded and may be slowed by cold attacks.


Message History

Your magical contamination has completely faded away.
You hit the quokka but do no damage.
The quokka is lightly wounded.
The quokka misses you. The kobold hits you with a +0 club.
The quokka bites you but does no damage.
You are too injured to fight recklessly!
You are too injured to fight recklessly!
You are too injured to fight recklessly!
You are too injured to fight recklessly!
You are too injured to fight recklessly!
You are too injured to fight recklessly!
You are too injured to fight recklessly!
You are too injured to fight recklessly!
You are too injured to fight recklessly!
The kobold barely misses you. The quokka attacks as you move away!
The quokka barely misses you.
The quokka bites you but does no damage.
Aiming: Sting (safe; 9% risk of failure)
Press: ? - help, Q - select action Shift-Dir - straight line, f/p - kobold
Aim: a kobold, wielding a +0 club and quivering stones (60% to hit)
The sting hits the kobold but does no damage.
The kobold is poisoned.
The kobold hits you with a +0 club.
* * * LOW HITPOINT WARNING * * *
The quokka barely misses you. The kobold attacks as you move away!
The kobold completely misses you.
The kobold throws a stone.
The stone hits you but does no damage.
The kobold looks more healthy.
The quokka attacks as you move away!
The quokka bites you but does no damage.
The kobold throws a stone.
The stone hits you but does no damage. The quokka closely misses you.
Aiming: Sting (safe; 9% risk of failure)
Press: ? - help, Q - select action Shift-Dir - straight line, f - quokka, p - kobold
Aim: a quokka (56% to hit)
The sting hits the quokka.
The quokka is poisoned.
The quokka is heavily wounded.
The quokka bites you but does no damage.
The quokka attacks as you move away! The quokka bites you.
You die...

##...###.....# .......⌠........#
......##.....##...............##
##.....##.....##.............##
#.....##......####.......####
#.#.#............####.####
#.#.######...##K## ##.# #....##
##.###.# #..# .#.....#####.###r#
#.##
....)...)).....#@####.######.#
##.....#######.#.............#
......## .#..##########.#
####### #......... ##.#######
..# ###


You could see a quokka (poisoned) and a kobold.

Vanquished Creatures
  An endoplasm (D:1)
  3 goblins (D:1)
4 creatures vanquished.

Notes
Turn   | Place    | Note
-------+----------+-------------------------------------------
     0 | D:1      | raph the Draconian Venom Mage began the quest for the Orb.
     0 | D:1      | Reached XP level 1. HP: 14/14 MP: 3/3
   377 | D:1      | Slain by a quokka

Illustrated notes

Levels and vault maps discovered:
D:1:      dpeg_arrival_three_bigger_balls, layout_loops_ring,
          shapermc_ecumenical_altar_starsandcircs, roderic_lattice_a

Action                   || total
-------------------------++-------
Melee: Dagger            ||    10
       Unarmed           ||     1
       Tailslap          ||     1
 Cast: Sting             ||     9
Armor: Skin              ||     9
Dodge: Dodged            ||    14
